 Dungeon Crawl Stone Soup version 0.30-b1-2-g02819fbbbe (webtiles) character file.

Game seed: 16046921707464563829

994 Barriton the Conjurer (level 7, 0/52 HPs)
             Began as a Purple Draconian Conjurer on May 9, 2023.
             Slain by an ogre
             ... wielding a +0 giant spiked club
              (30 damage)
             ... on level 5 of the Dungeon.
             The game lasted 00:08:46 (6003 turns).

Barriton the Conjurer (Purple Draconian Conjurer)   Turns: 6003, Time: 00:08:47

Health: 0/52       AC:  6    Str:  6    XL:     7   Next: 99%
Magic:  19/25      EV: 13    Int: 20    God:
Gold:   237        SH:  0    Dex: 16    Spells: 15/18 levels left

rFire   + + .        h - +1 long sword "Luasol" {flame, rF++ Str-4 Dex+7}
rCold   . . .        (no shield)
rNeg    . . .        (body armour unavailable)
rPois   .            (helmet restricted)
rElec   .            (no cloak)
rCorr   .            (no gloves)
SInv    .            (no boots)
Will    +....        (no amulet)
Stlth   ++           i - ring of magical power
HPRegen 0.28/turn    (no ring)
MPRegen 0.19/turn

%: no passive effects
@: no status effects
A: breathe power, AC +6, unfitting armour, cold-blooded
a: Breathe Dispelling Energy


You were on level 5 of the Dungeon.
You visited 2 branches of the dungeon, and saw 6 of its levels.

You collected 237 gold pieces.

Inventory:

Hand Weapons
 h - the +1 long sword "Luasol" (weapon) {flame, rF++ Str-4 Dex+7}
   (You found it on level 2 of the Dungeon)

   Str:       It affects your strength (-4).
   Dex:       It affects your dexterity (+7).
   rF:        It greatly protects you from fire.
Jewellery
 i - a ring of magical power (left hand)
Wands
 g - a wand of iceblast (9)
 m - a wand of flame (18)
Scrolls
 f - a scroll of magic mapping
Potions
 a - 3 potions of magic
 b - 2 potions of brilliance
 c - a potion of haste {unknown}
 d - 2 potions of degeneration
 e - 2 potions of flight {unknown}
 j - 2 potions of ambrosia
 k - 2 potions of invisibility
 l - 2 potions of curing
 n - 4 potions of lignification
 p - 2 potions of attraction {unknown}


   Skills:
 + Level 1.4 Fighting
 + Level 1.3 Long Blades
 + Level 3.2 Dodging
 + Level 2.5 Stealth
 + Level 1.1 Unarmed Combat
 * Level 6.3 Spellcasting
 + Level 7.1 Conjurations


You had 15 spell levels left.
You knew the following spells:

 Your Spells              Type           Power      Damage    Failure   Level
a - Magic Dart            Conj           100%       1d8       1%          1
b - Searing Ray           Conj           68%        2d6       1%          2

Your spell library contained the following spells:

 Spells                   Type           Power      Damage    Failure   Level
 Dazzling Flash           Conj/Hex       40%        N/A       7%          3
 Cigotuvi's Dreadful Rot  Necr/Pois/Air  12%        N/A       16%         2
 Fulminant Prism          Conj/Hex       10%        3d8       24%         4
 Iskenderun's Mystic Bla  Conj/Tloc      20%        2d6       24%         4
 Ignite Poison            Fire/Tmut/Pois 6%         N/A       30%         3
 Freezing Cloud           Conj/Ice/Air   7%         6-21      71%         5
 Blade Hands              Tmut           3%         N/A       95%         5
 Iron Shot                Conj/Erth      10%        9d3       98%         6
 Animate Armour           Summ/Erth      Unusable   N/A       N/A         4

Dungeon Overview and Level Annotations

Branches:
Dungeon (5/15)             Temple (1/1) D:5

Altars:
Ashenzari
Hepliaklqana
Makhleb
Okawaru
Qazlal
Sif Muna
Trog
Uskayaw
Wu Jian


Innate Abilities, Weirdness & Mutations

You can breathe bolts of dispelling energy.
Your rich purple scales are hard. (AC +6)
You cannot fit into any form of body armour.
You are cold-blooded and may be slowed by cold attacks.


Message History

Confirm with . or Enter, or press ? or * to list all spells.
Aiming: Searing Ray (safe; 1% risk of failure)
Press: ? - help, Shift-Dir - straight line, f - gnoll sergeant
Aim: a gnoll sergeant, wielding a +0 trident, wearing a +0 scale mail and wearing a +0 kite shield (moderately wounded, 88% to hit)
The searing ray hits the ogre!
The ogre is moderately wounded.
The searing ray hits the gnoll sergeant but does no damage.
The gnoll sergeant is moderately wounded. (Press . to maintain the ray.)
The ogre hits you with a +0 giant spiked club!
The gnoll sergeant barely misses you.
The searing ray hits the ogre.
The ogre is heavily wounded.
The searing ray hits the gnoll sergeant but does no damage.
The gnoll sergeant is moderately wounded.
The ogre barely misses you. The gnoll sergeant closely misses you.
The searing ray hits the ogre.
The ogre is heavily wounded.
The searing ray hits the gnoll sergeant.
The gnoll sergeant is moderately wounded.
The gnoll sergeant barely misses you.
The searing ray hits the ogre.
The ogre is severely wounded.
The searing ray hits the gnoll sergeant.
The gnoll sergeant is moderately wounded.
You finish channelling your searing ray.
The ogre closely misses you. The gnoll sergeant barely misses you.
Casting: Searing Ray (safe; 1% risk of failure)
Confirm with . or Enter, or press ? or * to list all spells.
Aiming: Searing Ray (safe; 1% risk of failure)
Press: ? - help, Shift-Dir - straight line, f/p - gnoll sergeant
Aim: a gnoll sergeant, wielding a +0 trident, wearing a +0 scale mail and wearing a +0 kite shield (moderately wounded, 88% to hit)
The searing ray hits the ogre.
The ogre is almost dead.
The searing ray hits the gnoll sergeant.
The gnoll sergeant is heavily wounded. (Press . to maintain the ray.)
The ogre hits you with a +0 giant spiked club!!
Ouch! That really hurt!
You die...

.......##........
.##...)........#
#...#....#...# #
#........)...## .#
.........!)....##.#####
......#.##.....#.......
.....##.######..########
..... ..# ##..รท.....##
##.###### ##@#####..##
#.# #. ##O# ##..## ..
#.g### ##.O# #. #.)..#
##.# #. #..>)######g# #.
#.........#.### #.
#.#######.....# #. #..
#####.#.## #. ###
.........###.


You could see an ogre and a gnoll sergeant.

Vanquished Creatures
  Sigmund (D:2)
  Eustachio (D:4)
  A phantom (D:3)
  2 kobold brigands (D:3)
  A howler monkey (D:5)
  An orc priest (D:3)
  A jelly (D:5)
  Ijyb (D:4)
  An iguana (D:4)
  Natasha (thrice) (D:3)
  7 adders
  7 gnolls
  3 worms (D:2)
  4 dart slugs
  10 orcs (D:3)
  6 endoplasms
  7 giant cockroaches
  5 goblins
  8 hobgoblins
  5 jackals (D:2)
  6 quokkas
  10 ball pythons
  4 bats
  9 frilled lizards
  13 kobolds
  3 rats
  2 butterflies (D:5)
122 creatures vanquished.

Notes
Turn   | Place    | Note
-------+----------+-------------------------------------------
     0 | D:1      | Barriton the Draconian Conjurer began the quest for the
                  | Orb.
     0 | D:1      | Reached XP level 1. HP: 14/14 MP: 3/3
   334 | D:1      | Reached XP level 2. HP: 20/20 MP: 1/5
   499 | D:1      | Found a faded altar of an unknown god.
  1310 | D:2      | Reached XP level 3. HP: 20/26 MP: 0/6
  1387 | D:2      | Noticed Sigmund
  1432 | D:1      | Learned a level 2 spell: Searing Ray
  1584 | D:2      | Killed Sigmund
  1585 | D:2      | Reached skill level 5 in Conjurations
  1585 | D:2      | Reached XP level 4. HP: 33/33 MP: 4/8
  1585 | D:2      | Reached XP level 5. HP: 38/38 MP: 4/9
  1855 | D:2      | Identified the +1 long sword "Luasol" {flame, rF++ Str-4
                  | Dex+7}
  2871 | D:3      | Noticed a phantom
  2888 | D:3      | Reached skill level 6 in Conjurations
  2888 | D:3      | Reached XP level 6. HP: 26/46 MP: 10/10
  2980 | D:3      | Reached skill level 1 in Fighting
  3082 | D:3      | Reached skill level 1 in Unarmed Combat
  3242 | D:3      | Noticed Natasha
  3245 | D:3      | Killed Natasha
  3606 | D:3      | Noticed Natasha
  3614 | D:3      | Killed Natasha
  3692 | D:3      | Noticed Natasha
  3698 | D:3      | Killed Natasha
  4054 | D:3      | Your scales start taking on a rich purple colour.
  4054 | D:3      | Reached XP level 7. HP: 52/52 MP: 13/13
  4111 | D:3      | Reached skill level 1 in Long Blades
  4111 | D:3      | Reached skill level 5 in Spellcasting
  4657 | D:4      | Noticed Ijyb
  4665 | D:4      | Killed Ijyb
  4893 | D:4      | Noticed Eustachio
  4915 | D:4      | Killed Eustachio
  5712 | D:5      | Entered Level 5 of the Dungeon
  5773 | D:5      | Found a staircase to the Ecumenical Temple.
  5786 | D:5      | Reached skill level 7 in Conjurations
  5861 | Temple   | Entered the Ecumenical Temple
  6003 | D:5      | Slain by an ogre

Illustrated notes

Levels and vault maps discovered:
D:1:      dpeg_arrival_boxes_within_box, layout_basic, basic_ecumenical_altar,
          chequers_mini_garden
D:2:      layout_basic, minmay_tetromino_s4, uniq_sigmund
D:3:      cheibrodos_thug_alley, layout_basic, kennysheep_small_spiral,
          uniq_natasha
D:4:      layout_basic, uniq_eustachio, uniq_ijyb
D:5:      layout_basic, minmay_temple_entry_butterflies, skrybe_limestone_x
Temple:   eino_wide_crystal_templ

Skill      XL: |  1  2  3  4  5  6  7 |
---------------+----------------------+-----
Dodging        | 2 3 |  3.2
Stealth        | 2 |  2.5
Conjurations   | 5 6 7 |  7.1
Spellcasting   | 3 4 6 |  6.3
Fighting       | 1 |  1.4
Unarmed Combat | 1 |  1.1
Long Blades    | 1 |  1.3

Action                     |  1- 3 |  4- 6 |  7- 9 || total
---------------------------+-------+-------+-------++-------
  Melee: Unarmed           |    42 |       |       ||    42
         Tailslap          |     4 |     1 |     4 ||     9
         Long sword        |       |    12 |    14 ||    26
   Cast: Magic Dart        |    44 |    97 |    86 ||   227
         Searing Ray       |     2 |    14 |    12 ||    28
    Use: Scroll            |     1 |     3 |    10 ||    14
 Armour: Skin              |    20 |     7 |     6 ||    33
  Dodge: Dodged            |    46 |    16 |    41 ||   103
